 Dungeon Crawl Stone Soup version 0.29.0-4-gdea44cf6ec (webtiles) character file.

Game seed: 13689727745862357488

11728 Mahakala the Cleaver (level 11, -2/106 HPs)
             Began as a Minotaur Fighter on Aug 26, 2022.
             Was a High Priest of Zin.
             Killed from afar by an ice dragon (62 damage)
             ... with a blast of cold
             ... on level 1 of the Lair of Beasts on Aug 27, 2022.
             The game lasted 00:35:26 (12967 turns).

Mahakala the Cleaver (Minotaur Fighter)            Turns: 12967, Time: 00:35:27

Health: -2/106     AC: 17    Str: 27    XL:     11   Next: 53%
Magic:  0/15       EV: 14    Int:  8    God:    Zin [*****.]
Gold:   801        SH:  5    Dex: 14    Spells: 10/10 levels left

rFire   . . .      SeeInvis .   G - +2 broad axe (flame)
rCold   . . .      Faith    .   c - +0 buckler
rNeg    . . .      Spirit   +   y - +8 ring mail of Kindness {+Inv}
rPois   ∞          Reflect  .   I - +1 hat {Will+}
rElec   .          Harm     .   (no cloak)
rCorr   .          Rampage  .   D - +0 pair of gloves
Will    +....                   (no boots)
Stlth   +.........              w - amulet of guardian spirit
HPRegen 0.27/turn               f - +4 ring of evasion
MPRegen 0.14/turn               (no ring)

@: vitalised, frozen, on recite cooldown, studying 2 skills, very slow
A: horns 2, retaliatory headbutt
a: Renounce Religion, Evoke Invisibility, Recite, Vitalisation, Imprison,
Sanctuary, Donate Gold


You were on level 1 of the Lair of Beasts.
You worshipped Zin.
Zin was extremely pleased with you.
You visited 3 branches of the dungeon, and saw 12 of its levels.
You also visited: Sewer and Bailey.

You collected 890 gold pieces.
You donated 89 gold pieces to Zin.

Inventory:

Hand Weapons
 a - a +0 war axe
 G - a +2 broad axe of flaming (weapon)
Missiles
 o - 51 poisoned darts (quivered)
 p - 7 curare-tipped darts {!f}
 A - 5 boomerangs
 F - 5 silver javelins
 M - 7 javelins
 N - 6 atropa-tipped darts {!f}
Armour
 c - a +0 buckler (worn)
 u - a +0 plate armour
 y - the +8 ring mail of Kindness (worn) {+Inv}
   (You found it on level 5 of the Dungeon)

   +Inv:      It lets you turn invisible.
 D - a +0 pair of gloves (worn)
 I - a +1 hat of willpower (worn)
Jewellery
 f - a +4 ring of evasion (left hand)
 w - an amulet of guardian spirit (around neck)
Wands
 j - a wand of polymorph (9)
 t - a wand of flame (36)
 L - a wand of charming (5)
Scrolls
 e - 6 scrolls of teleportation {@r4}
 i - 2 scrolls of blinking
 k - 2 scrolls of identify {@r1}
 l - a scroll of magic mapping
 r - a scroll of summoning {unknown}
 s - a scroll of immolation {unknown}
 H - 2 scrolls of enchant armour
 K - a scroll of torment {unknown}
 O - a scroll of fear {unknown}
Potions
 b - a potion of curing {@q1}
 g - 2 potions of haste {@q3}
 h - a potion of lignification {!q}
 m - a potion of ambrosia {unknown}
 n - 2 potions of heal wounds {@q2}
 q - a potion of berserk rage
 v - 2 potions of mutation {!q}
 x - 2 potions of resistance
 z - 2 potions of degeneration {!q}
 B - a potion of attraction {!q}
 C - 4 potions of invisibility
 E - a potion of brilliance
 J - 2 potions of might


   Skills:
 + Level 12.8 Fighting
 * Level 14.9 Axes
 - Level 9.0 Armour
 - Level 6.1 Shields
 + Level 6.8 Invocations


You had 10 spell levels left.
You didn't know any spells.
Your spell library contained the following spells:

 Spells                   Type           Power      Damage    Failure   Level
 Slow                     Hex            0%         N/A       61%         1
 Confusing Touch          Hex            0%         N/A       93%         3
 Conjure Flame            Conj/Fire      0%         6-21      93%         3
 Ignite Poison            Fire/Tmut/Pois 0%         N/A       93%         3
 Ozocubu's Armour         Ice            0%         N/A       93%         3
 Vampiric Draining        Necr           0%         2d6       93%         3
 Sticky Flame             Conj/Fire      0%         2d3       100%        4
 Metabolic Englaciation   Hex/Ice        0%         N/A       100%        5
 Simulacrum               Ice/Necr       0%         N/A       100%        6


Dungeon Overview and Level Annotations

Branches:
Dungeon (10/15)            Temple (1/1) D:5            Lair (1/5) D:8
  Sewer (visited)          Bailey (visited)
    Orc: D:9-12

Altars:
Ashenzari
Cheibriados
Dithmenos
Elyvilon
Fedhas
Gozag
Hepliaklqana
Kikubaaqudgha
Makhleb
Nemelex Xobeh
Okawaru
Qazlal
Ru
Sif Muna
Trog
Uskayaw
Vehumet
Wu Jian
Xom
Yredelemnul
Zin
The Shining One

Shops:
D:7 (


Innate Abilities, Weirdness & Mutations

You have a pair of horns on your head.
You reflexively headbutt those who attack you in melee.


Message History

You completely miss the freezing wraith.
You closely miss the rime drake. The freezing wraith closely misses you.
The freezing wraith hits you but does no damage.
The polar bear bites you.
The polar bear claws you but does no damage.
The polar bear misses you.
The rime drake is engulfed in freezing vapours.
The rime drake breathes ice at you. The flash freeze hits you.
You are encased in ice.
You slash the polar bear! You burn the polar bear!
Your headbutt misses the polar bear.
The polar bear is almost dead.
You slash the death yak simulacrum!
You melt the death yak simulacrum!
You closely miss the freezing wraith. You slash the rime drake!
You burn the rime drake.
You kill the rime drake!
The death yak simulacrum closely misses you.
The polar bear barely misses you. You block the polar bear's attack. x2
You block the freezing wraith's attack.
The freezing wraith hits you but does no damage.
You hit the freezing wraith but do no damage.
You slash the death yak simulacrum!
You melt the death yak simulacrum.
The death yak simulacrum vaporises!
Zin accepts your kill.
You hit the polar bear. You burn the polar bear.
Zin releases the ice dragon from its prison.
The freezing wraith closely misses you. You furiously retaliate!
You headbutt the freezing wraith, but do no damage.
The freezing wraith hits you!
The polar bear goes berserk!
You slash the freezing wraith! You burn the freezing wraith!
The freezing wraith is heavily damaged.
You slash the troll simulacrum!
You melt the troll simulacrum.
You slash the polar bear! You burn the polar bear.
You kill the polar bear!
The ice dragon breathes frost at you.
The blast of cold misses the freezing wraith.
The blast of cold hits you!!!
Ouch! That really hurt!
You die...

...................##
...................#
...................#
........)..........#~~~
###.#..............#~~~.
...#..............~~~..
... #..............~~≈..
.. ................~~~..
..#.......@W.D..~~~...
...#.......Z†....~~≈...
#. ..............~~≈Z..
..............~~≈~..
.............~~~...
.............~~~...
.............~~~..∩
.............~~~...
............~~~...


You could see an ice dragon (catching breath), a freezing wraith (dazed) and a
troll simulacrum.

Vanquished Creatures
  3 two-headed ogres
  Urug (D:10)
  Sonja (D:10)
  An orc sorcerer (Bailey)
  Maggie (D:6)
  A rime drake (Lair:1)
  A kobold demonologist (Bailey)
  A komodo dragon (D:10)
  Psyche (D:10)
  A troll (D:10)
  A polar bear (Lair:1)
  Grinder (D:6)
  2 hornets (D:9)
  A shadow (D:10)
  Eustachio (D:6)
  A wraith (D:9)
  3 yaks (D:9)
  A basilisk (Lair:1)
  A wyvern (Lair:1)
  A death yak simulacrum (Lair:1)
  4 vampire mosquitoes (D:9)
  Menkaure (D:5)
  A harpy simulacrum (Lair:1)
  An acid dragon (D:7)
  A water moccasin (Lair:1)
  An ice beast (D:6)
  9 orc warriors
  A sky beast (D:7)
  3 ogres
  A wolf (Lair:1)
  2 centaurs
  A phantom (D:6)
  6 kobold brigands
  Blork the orc (D:4)
  2 bullfrogs (D:7)
  A gnoll sergeant (D:9)
  A necrophage (D:7)
  6 scorpions
  6 wights
  7 killer bees (D:9)
  An electric eel (Bailey)
  A howler monkey (D:6)
  2 jellies (D:6)
  2 hounds
  4 orc priests
  Ijyb (D:4)
  2 iguanas
  9 orc wizards
  12 gnolls
  10 adders
  2 river rats (Sewer)
  A shadow imp (D:7)
  2 white imps (D:7)
  An ufetubus (D:7)
  4 dart slugs
  2 worms
  29 orcs
  11 ball pythons
  2 bats
  8 endoplasms
  5 giant cockroaches
  11 goblins
  6 hobgoblins
  3 jackals
  15 kobolds
  8 quokkas
  10 frilled lizards
  6 rats
251 creatures vanquished.

Vanquished Creatures (others)
  A fungus (D:1)
1 creature vanquished.

Grand Total: 252 creatures vanquished

Notes
Turn   | Place    | Note
-------+----------+-------------------------------------------
     0 | D:1      | Mahakala the Minotaur Fighter began the quest for the Orb.
     0 | D:1      | Reached XP level 1. HP: 19/19 MP: 0/0
   119 | D:1      | Found a faded altar of an unknown god.
   139 | D:1      | Reached XP level 2. HP: 27/27 MP: 1/1
   177 | D:1      | Reached skill level 3 in Axes
   812 | D:1      | Reached XP level 3. HP: 32/32 MP: 2/2
  1050 | D:2      | Found a sacrificial altar of Ru.
  2120 | D:3      | Found an ornate altar of the Wu Jian Council.
  2316 | D:3      | Found a glowing drain.
  2331 | Sewer    | Entered a sewer
  2380 | Sewer    | Reached XP level 4. HP: 28/40 MP: 3/3
  2533 | Sewer    | Noticed a kobold brigand
  2550 | Sewer    | Killed a kobold brigand
  2551 | Sewer    | Reached skill level 4 in Axes
  2551 | Sewer    | Reached XP level 5. HP: 42/47 MP: 4/4
  2991 | Sewer    | Reached skill level 5 in Axes
  2991 | Sewer    | Reached XP level 6. HP: 46/55 MP: 5/5
  3084 | Sewer    | Reached skill level 5 in Fighting
  3084 | Sewer    | Reached skill level 5 in Armour
  3084 | Sewer    | Reached skill level 5 in Shields
  4016 | D:4      | Noticed Ijyb
  4030 | D:4      | Killed Ijyb
  4031 | D:4      | Reached skill level 6 in Axes
  4170 | D:4      | Reached XP level 7. HP: 39/61 MP: 6/6
  4422 | D:4      | Identified the +4 dagger of the Endless March {drain,
                  | Will+}
  4750 | D:4      | Reached skill level 7 in Axes
  4753 | D:4      | Noticed Blork the orc
  4762 | D:4      | Killed Blork the orc
  4907 | D:4      | Found a stormy altar of Qazlal.
  5222 | D:5      | Entered Level 5 of the Dungeon
  5273 | D:5      | Noticed Menkaure
  5686 | D:5      | Reached XP level 8. HP: 67/71 MP: 5/7
  5820 | D:5      | Identified the +8 ring mail of Kindness {+Inv}
  5915 | D:5      | Found a staircase to the Ecumenical Temple.
  5922 | Temple   | Entered the Ecumenical Temple
  6127 | D:5      | Killed Menkaure
  6128 | D:5      | Reached skill level 8 in Axes
  6519 | Temple   | Became a worshipper of Zin the Law-Giver
  6519 | Temple   | Reached * piety under Zin
  6519 | Temple   | Reached ** piety under Zin
  6671 | D:6      | Noticed Grinder
  6674 | D:6      | Paralysed by Grinder for 5 turns
  6684 | D:6      | Killed Grinder
  6685 | D:6      | Reached skill level 9 in Axes
  6953 | D:6      | Noticed Eustachio
  6966 | D:6      | Killed Eustachio
  6967 | D:6      | Reached skill level 1 in Invocations
  6967 | D:6      | Reached XP level 9. HP: 74/80 MP: 6/8
  7047 | D:6      | Reached skill level 10 in Axes
  7216 | D:6      | Found a broken altar of Ashenzari.
  7318 | D:6      | Noticed Maggie
  7335 | D:6      | Killed Maggie
  7971 | D:7      | Reached *** piety under Zin
  8313 | D:7      | Found Vamuinok's Weapon Boutique.
  8350 | D:7      | Reached skill level 11 in Axes
  8903 | D:8      | Found a sparkling altar of Nemelex Xobeh.
  8934 | D:8      | Found a radiant altar of Vehumet.
  9092 | D:8      | Noticed a two-headed ogre
  9093 | D:8      | Reached **** piety under Zin
  9117 | D:8      | Noticed a two-headed ogre
  9182 | D:8      | You fall into a shaft and drop 2 floors!
  9182 | D:10     | Entered Level 10 of the Dungeon
  9205 | D:10     | Found a flagged portal.
  9216 | Bailey   | Entered a bailey
  9297 | Bailey   | Noticed a kobold demonologist
  9300 | Bailey   | Noticed an orange demon
  9307 | Bailey   | Killed a kobold demonologist
  9308 | Bailey   | Reached XP level 10. HP: 53/90 MP: 8/11
  9532 | Bailey   | Found an iron altar of Okawaru.
  9532 | Bailey   | Noticed an orc sorcerer
  9533 | Bailey   | Noticed a smoke demon
  9555 | Bailey   | Noticed a sixfirhy
  9558 | Bailey   | Killed an orc sorcerer
  9559 | Bailey   | Reached skill level 12 in Axes
  9843 | Bailey   | Acquired a manual of Armour
 10622 | D:10     | Found an opulent altar of Gozag.
 10675 | D:10     | Reached ***** piety under Zin
 10704 | D:10     | Noticed Sonja
 10707 | D:10     | Noticed Psyche
 10712 | D:10     | Killed Psyche
 10713 | D:10     | Reached skill level 10 in Fighting
 10725 | D:10     | Killed Sonja
 10726 | D:10     | Reached skill level 13 in Axes
 10726 | D:10     | Reached skill level 5 in Invocations
 10965 | D:10     | Noticed Urug
 10967 | D:10     | Noticed a two-headed ogre
 10986 | D:10     | Killed a two-headed ogre
 10990 | D:10     | Killed Urug
 11419 | D:9      | Reached XP level 11. HP: 102/102 MP: 14/14
 11438 | D:9      | Found a blossoming altar of Fedhas.
 11439 | D:9      | Found a bloodstained altar of Trog.
 11775 | D:9      | Reached skill level 14 in Axes
 12357 | D:8      | Killed a two-headed ogre
 12377 | D:8      | Killed a two-headed ogre
 12457 | D:8      | Found a staircase to the Lair.
 12915 | Lair:1   | Entered Level 1 of the Lair of Beasts
 12952 | Lair:1   | Noticed an ice dragon
 12967 | Lair:1   | Killed from afar by an ice dragon

Illustrated notes

Levels and vault maps discovered:
D:1:      co_arrival_square_in_a_square_in_a_square, layout_basic,
          dreamdust_ecumenical_altar_grove, nrook_campfire
D:2:      layout_basic, basic_altar
D:3:      minmay_door_path, layout_loops_ring, nicolae_wu_jian_wuxing_cycle,
          cheibrodos_sewer_entry_bend, grunt_ministairs_1
D:4:      layout_rooms, kennysheep_mini_moat, uniq_blork_the_orc, uniq_ijyb
D:5:      layout_rooms, minmay_temple_entry_nine_rooms, uniq_menkaure
D:6:      layout_loops_ring, lemuel_coloured_pillars_altar, uniq_grinder,
          uniq_maggie, uniq_eustachio
D:7:      layout_loops_corners, serial_shops,
          nicolae_shop_temple_entry_statues_fountains, hangedman_minor_gate_pass
D:8:      layout_cave_pods, mainiacjoe_overflow_boulevard,
          nicolae_vehumet_altar_sigil, dpeg_oklobed_lair, st_stairs_1
D:9:      layout_long_grid, gammafunk_temple_overflow_pools,
          hangedman_decor_push
D:10:     layout_loops_cross, amcnicky_altar_gilded, enter_bailey_4, uniq_urug,
          uniq_psyche, uniq_sonja
Temple:   nicolae_temple_great_sept
Lair:1:   dreamdust_isle_of_ice, layout_regular_city

Skill      XL: |  1  2  3  4  5  6  7  8  9 10 11 |
---------------+----------------------------------+-----
Axes           | 3 4 5 6 7 9 11 13 14 | 14.9
Shields        | 4 5 6 |  6.1
Fighting       | 4 5 6 7 8 11 12 | 12.8
Armour         | 4 5 6 8 9 |  9.0
Invocations    | 1 3 5 6 |  6.8

Action                   |  1- 3 |  4- 6 |  7- 9 | 10-12 || total
-------------------------+-------+-------+-------+-------++-------
Melee: War axe           |   101 |   135 |   178 |       ||   414
       Headbutt          |    12 |    21 |    39 |    28 ||   100
       Broad axe         |       |       |    74 |   185 ||   259
Throw: Dart              |       |       |     8 |     7 ||    15
Invok: Recite            |       |       |     5 |     5 ||    10
       Vitalisation      |       |       |     1 |     1 ||     2
       Imprison          |       |       |       |     1 ||     1
Evoke: Wand              |       |       |     1 |     6 ||     7
  Use: Potion            |       |     1 |     1 |       ||     2
       Scroll            |       |       |    19 |     2 ||    21
Armor: Scale mail        |    40 |    44 |    16 |       ||   100
       Plate armour      |       |       |    13 |       ||    13
       Ring mail         |       |       |    65 |    60 ||   125
Dodge: Dodged            |    52 |    39 |    92 |   126 ||   309
Block: Buckler           |    21 |    23 |    46 |    48 ||   138
